AoeStats
← Pretty Pikeman

Fortress

508745627Analyzed
2v2 RM · 7d ago on Sep 23, 2026· 40m 2s· 4 players
Game mode
Random Map
Map size
Normal (6 player)
Population
200
Speed
Normal
Resources
Standard
Victory
Conquest
Starting age
Dark Age
Ending age
Imperial Age
RankedLock teamsTeams togetherTeam positionsShared explorationLock speedFull tech treeHidden civsTurbo modeCheats
Victory
Defeat
🇩🇪 Teutons · Germany
1221
+16
🇪🇸 Persians · Spain
1220
+16
🇺🇸 Khmer · United States
1245
-17
🇺🇸 Berbers · United States
1200
-15
abenza8
7:55 Feudal Age
9:17 Wheelbarrow
8:52 Double-Bit Axe
11:50 Castle Age
9:34 Horse Collar
12:35 Bow Saw
15:17 Loom
18:03 Town Watch
22:25 Gold Mining
26:31 Imperial Age
24:41 Fletching
24:58 Scale Barding Armor
25:55 Bloodlines
27:46 Fervor
27:42 Cavalier
28:25 Elite Skirmisher
29:46 Bodkin Arrow
29:52 Padded Archer Armor
32:09 Leather Archer Armor
32:56 Chemistry
32:16 Ballistics
32:10 Thumb Ring
33:50 Ring Archer Armor
33:38 Pikeman
34:32 Scale Mail Armor
35:48 Conscription
36:47 Halberdier
39:33 Forging
39:38 Chain Mail Armor
39:38 Light Cavalry
40:19 Husbandry
Pretty Pikeman
1:29 Loom
7:12 Feudal Age
7:20 Feudal Age
11:39 Castle Age
9:27 Double-Bit Axe
14:10 Bow Saw
13:59 Horse Collar
15:44 Heavy Plow
17:50 Loom
18:50 Wheelbarrow
19:47 Hand Cart
21:13 Gold Mining
25:05 Imperial Age
22:51 Forging
22:47 Scale Barding Armor
23:11 Squires
23:06 Town Watch
24:14 Iron Casting
23:36 Stone Mining
23:54 Town Patrol
24:43 Masonry
25:26 Bloodlines
25:40 Scale Mail Armor
26:00 Chain Barding Armor
26:54 Chemistry
26:18 Conscription
26:48 Onager
27:33 Arson
28:39 Siege Engineers
29:40 Blast Furnace
30:14 Ballistics
29:20 Elite Teutonic Knight
30:20 Chain Mail Armor
32:59 Siege Onager
35:13 Cavalier
35:19 Siege Onager
35:28 Elite Skirmisher
36:05 Fletching
36:17 Padded Archer Armor
37:11 Bodkin Arrow
38:30 Leather Archer Armor
40:35 Plate Barding Armor
moreTuuunes
6:31 Loom
8:16 Feudal Age
6:36 Loom
12:44 Castle Age
10:32 Double-Bit Axe
10:30 Horse Collar
11:28 Gold Mining
12:45 Fletching
17:05 Wheelbarrow
17:28 Wheelbarrow
26:27 Imperial Age
24:14 Hand Cart
23:44 Town Watch
24:11 Padded Archer Armor
24:27 Bodkin Arrow
25:31 Husbandry
25:53 Ballistics
25:38 Stone Mining
26:09 Bow Saw
26:08 Heavy Plow
28:09 Chemistry
28:07 Bracer
28:08 Elite Camel Archer
29:09 Conscription
29:03 Bloodlines
29:10 Leather Archer Armor
31:39 Maghrebi Camels
32:43 Ring Archer Armor
32:21 Siege Engineers
32:30 Kasbah
37:22 Scale Barding Armor
37:27 Forging
38:40 Light Cavalry
39:42 Chain Barding Armor
39:57 Iron Casting
Sanzy
7:30 Feudal Age
10:44 Castle Age
8:57 Double-Bit Axe
9:04 Horse Collar
9:46 Gold Mining
10:43 Bloodlines
13:30 Light Cavalry
14:57 Bow Saw
15:33 Forging
16:15 Husbandry
20:20 Loom
23:03 Pikeman
23:47 Scale Mail Armor
25:37 Heavy Plow
30:07 Imperial Age
28:59 Chain Mail Armor
29:54 Scale Barding Armor
31:11 Halberdier
32:44 Conscription
34:01 Iron Casting
35:06 Elite Ballista Elephant
36:21 Heavy Scorpion
Connection lost

Rejoining the realm…

Still unreachable

The connection could not be restored.

Session expired

The server has moved on; the page needs a fresh start.